 Dungeon Crawl Stone Soup version 0.21.0-3-g78d12a8bdd (webtiles) character file.

115 Kublaii the Ruffian (level 4, -3/46 HPs)
             Began as a Troll Fighter on Jan 9, 2018.
             Slain by Grinder (7 damage)
             ... on level 3 of the Dungeon.
             The game lasted 00:09:23 (1680 turns).

Kublaii the Ruffian (Troll Fighter)                 Turns: 1680, Time: 00:09:24

Health: -3/46      AC:  5    Str: 29    XL:     4   Next: 68%
Magic:  3/3        EV:  8    Int:  4    God:
Gold:   49         SH:  9    Dex: 10    Spells: 3/3 levels left

rFire    . . .     SeeInvis .     - Unarmed
rCold    . . .     Gourm    +   b - +0 shield
rNeg     . . .     Faith    .   a - +0 robe
rPois    .         Spirit   .   (helmet restricted)
rElec    .         Reflect  .   (no cloak)
rCorr    .         Harm     .   (gloves unavailable)
MR       .....                  (boots unavailable)
Stlth    +.........             (no amulet)
HPRegen  0.55/turn              (no ring)
MPRegen  0.08/turn              (no ring)

@: mighty
A: large, unfitting armour, claws 3, fast metabolism 3, gourmand, regeneration
1, shaggy fur 1, tough skin 2
a: no special abilities


You were on level 3 of the Dungeon.
You were very full.

You visited 1 branch of the dungeon, and saw 3 of its levels.

You collected 49 gold pieces.

Inventory:

Missiles
 f - 76 stones (quivered)
Armour
 a - a +0 robe (worn)
 b - a +0 shield (worn)
Scrolls
 e - a scroll of magic mapping {unknown}
 g - 2 scrolls of remove curse {unknown}
 h - a scroll of amnesia {unknown}
 k - a scroll of random uselessness {unknown}
 l - 2 scrolls of identify {unknown}
Comestibles
 d - 7 rations


   Skills:
 + Level 3.6 Fighting
 - Level 2.4 Dodging
 - Level 2.4 Shields
 + Level 3.7 Unarmed Combat


You had 3 spell levels left.
You didn't know any spells.

Dungeon Overview and Level Annotations

Branches:
Dungeon (3/15)

Altars:
Ashenzari
Makhleb
Uskayaw

Annotations:
D:3 Grinder


Innate Abilities, Weirdness & Mutations

You are too large for most types of armour.
You have claws for hands.
Your metabolism is lightning-fast.
You like to eat raw meat.
Your natural rate of healing is unusually fast.
You are covered in fur. (AC +1)
You have very tough skin. (AC +2)


Message History

You feel sick. Grinder barely misses you.
You barely miss Grinder.
Grinder is moderately wounded.
Grinder barely misses you.
Sorry, you're not good enough to have a special ability.
It was a potion of magic.
Magic courses through your body. Grinder hits you.
You writhe in agony.
* * * LOW HITPOINT WARNING * * *
You feel very mighty all of a sudden. Grinder hits you.
* * * LOW HITPOINT WARNING * * *
You scratch Grinder.
Grinder is moderately wounded.
You feel sick.
You are no longer poisoned.
You block Grinder's attack.
You closely miss Grinder.
Grinder is moderately wounded.
Grinder hits you!
You die...

#... #.#........#
#.$....#.#........#
####...####.#........##
.......#_'............#
.......####...##.####.#
..........#...#<......#
..........#...##)#######
..........#......(......
..#5@..#...##.####### .
#..).....##.#
#........##.#
#.........#.#
#.......#.#.#
#########...# #..# .?#


You could see Grinder.

Vanquished Creatures
  A worker ant (D:3)
  A worker ant zombie (D:2)
  2 adders (D:2)
  2 oozes (D:1)
  2 worms (D:2)
  A dart slug (D:1)
  A leopard gecko (D:2)
  4 bats
  4 giant cockroaches
  4 goblins
  6 hobgoblins
  3 jackals (D:1)
  7 frilled lizards
  4 kobolds
  6 rats
48 creatures vanquished.

Notes
Turn   | Place    | Note
-------+----------+-------------------------------------------
     0 | D:1      | Kublaii the Troll Fighter began the quest for the Orb.
     0 | D:1      | Reached XP level 1. HP: 22/22 MP: 0/0
    85 | D:1      | Reached XP level 2. HP: 29/29 MP: 1/1
   453 | D:1      | Reached XP level 3. HP: 37/37 MP: 2/2
  1157 | D:2      | Reached XP level 4. HP: 45/45 MP: 3/3
  1322 | D:2      | Found a burning altar of Makhleb.
  1423 | D:2      | Found a hide-covered altar of Uskayaw.
  1662 | D:3      | Found a shattered altar of Ashenzari.
  1673 | D:3      | Noticed Grinder
  1680 | D:3      | Slain by Grinder

Skill      XL: |  1  2  3 |
---------------+----------+-----
Fighting       | 3 |  3.6
Unarmed Combat | 3 |  3.7
Dodging        | |  2.4
Shields        | |  2.4

Action                   |  1- 3 |  4- 6 || total
-------------------------+-------+-------++-------
Melee: Unarmed           |    94 |    32 ||   126
Throw: Stone             |    36 |    15 ||    51
  Use: Potion            |       |     2 ||     2
  Eat: Chunk             |    16 |     3 ||    19
Armor: Robe              |    22 |     7 ||    29
Dodge: Dodged            |    24 |     8 ||    32
Block: Shield            |    24 |    13 ||    37
